 Dungeon Crawl Stone Soup version 0.29.0-11-gd7f09526c8 (webtiles) character file.

Game seed: 11517891329593915920

82 tilp the Cudgeller (level 4, 0/34 HPs)
             Began as a Demonspawn Gladiator on Sept 4, 2022.
             Slain by a gnoll
             ... wielding a +0 flail
              (6 damage)
             ... on level 2 of the Dungeon.
             The game lasted 00:01:39 (933 turns).

tilp the Cudgeller (Demonspawn Gladiator)            Turns: 933, Time: 00:01:40

Health: 0/34       AC:  4    Str: 16    XL:     4   Next: 21%
Magic:  4/4        EV: 12    Int:  9    God:
Gold:   44         SH:  0    Dex: 15    Spells: 3/3 levels left

rFire   . . .      SeeInvis .   a - +0 flail
rCold   . . .      Faith    .   (no shield)
rNeg    . . .      Spirit   .   b - +0 leather armour
rPois   .          Reflect  .   c - +0 helmet
rElec   .          Harm     .   (no cloak)
rCorr   .          Rampage  .   (no gloves)
Will    .....                   (no boots)
Stlth   ++........              f - amulet of the acrobat
HPRegen 0.11/turn               (no ring)
MPRegen 0.09/turn               (no ring)

@: no status effects
A: powered by death 2
a: no special abilities


You were on level 2 of the Dungeon.
You visited 1 branch of the dungeon, and saw 2 of its levels.

You collected 44 gold pieces.

Inventory:

Hand Weapons
 a - a +0 flail (weapon)
Missiles
 d - 3 throwing nets
 e - a javelin
 h - 6 boomerangs
 k - 19 stones (quivered)
Armour
 b - a +0 leather armour (worn)
 c - a +0 helmet (worn)
Jewellery
 f - an amulet of the acrobat (around neck)
 j - a ring of fire
Potions
 g - a potion of heal wounds {unknown}
 i - a potion of curing {unknown}


   Skills:
 + Level 2.6 Fighting
 * Level 3.5 Maces & Flails
 - Level 2.0 Throwing
 + Level 3.1 Dodging
 + Level 1.3 Stealth


You had 3 spell levels left.
You didn't know any spells.
Your spell library contained the following spells:

 Spells                   Type           Power      Damage    Failure   Level
 Apportation              Tloc           0%         N/A       45%         1
 Alistair's Intoxication  Tmut/Pois      0%         N/A       100%        5


Dungeon Overview and Level Annotations

Branches:
Dungeon (2/15)

Altars:

Shops:
D:1 [

Annotations:
D:2 1 runed translucent door, Crazy Yiuf


Innate Abilities, Weirdness & Mutations

You regenerate health from kills.


Message History

You hit the bat.
You kill the bat!
The gnoll completely misses you.
You see here a bat corpse.
You hit the gnoll.
The gnoll is moderately wounded.
The gnoll completely misses you.
You closely miss the gnoll.
The gnoll is moderately wounded.
The gnoll hits you with a +0 spear.
The gnoll shouts!
You sock the gnoll!
You kill the gnoll!
You have reached level 4!
You feel agile.
You hit the gnoll but do no damage. The gnoll hits you with a +0 whip.
You hit the gnoll.
The gnoll is heavily wounded.
The gnoll misses you. The gnoll hits you with a +0 whip.
You sock the gnoll!
You kill the gnoll!
You hit the gnoll but do no damage. The gnoll hits you with a +0 flail.
You are too injured to fight recklessly!
You are too injured to fight recklessly!
You are too injured to fight recklessly!
You sock the gnoll!
The gnoll is almost dead.
The gnoll closely misses you.
You barely miss the gnoll. The gnoll barely misses you.
You barely miss the gnoll. The gnoll closely misses you.
You hit the gnoll.
The gnoll is lightly wounded.
The gnoll hits you with a +0 flail!
* * * LOW HITPOINT WARNING * * *
You sock the gnoll!
The gnoll is heavily wounded.
The gnoll hits you with a +0 flail.
* * * LOW HITPOINT WARNING * * *
The gnoll hits you with a +0 flail.
You die...

#.......# #.# .#.##...##
###......# #.#
...#..#... #........#
#.# ..##......
g..#<.....# #.#
..#....... gg.g......###
#.####.##.......
.###.###....##
#.##...#.....).. #..
#.##..# #.##..##.#......
#..
#.###.###.##............
#. ..#
#gg@....<.###....... #.
.#.#
#.####......###...#.
##.# #.# #....#...###...
#. #.# #...##.....###.
#.# #...##......### ..#
#...##......# ###
#...##......#
#...##.>....#
#############


You could see 2 gnolls.

Vanquished Creatures
  Jessica (D:2)
  2 gnolls (D:2)
  2 ball pythons (D:1)
  8 endoplasms
  2 giant cockroaches (D:1)
  5 goblins
  3 hobgoblins (D:1)
  2 jackals (D:1)
  A kobold (D:1)
  3 bats
  3 frilled lizards
  2 rats (D:1)
34 creatures vanquished.

Notes
Turn   | Place    | Note
-------+----------+-------------------------------------------
     0 | D:1      | tilp the Demonspawn Gladiator began the quest for the Orb.
     0 | D:1      | Reached XP level 1. HP: 16/16 MP: 1/1
   204 | D:1      | Gained mutation: You regenerate a little health from kills.
                  | [demonic ancestry]
   204 | D:1      | Reached XP level 2. HP: 17/22 MP: 2/2
   425 | D:1      | Gained mutation: You regenerate health from kills. [demonic
                  | ancestry]
   425 | D:1      | Reached XP level 3. HP: 27/27 MP: 3/3
   638 | D:1      | Found Worphev's Antique Armour Shoppe.
   757 | D:2      | Noticed Jessica
   762 | D:2      | Killed Jessica
   763 | D:2      | Reached skill level 1 in Stealth
   809 | D:2      | Found a runed translucent door.
   810 | D:2      | Noticed Crazy Yiuf
   925 | D:2      | Reached XP level 4. HP: 30/34 MP: 4/4
   933 | D:2      | Slain by a gnoll

Illustrated notes

Levels and vault maps discovered:
D:1:      minmay_arrival_up_and_down, layout_basic, serial_shops,
          nicolae_lakefront_shop
D:2:      minmay_skewed_foursquare, layout_rooms,
          hellmonk_ecumenical_altar_zigzags, minmay_misc_feat_enclosed,
          hex_large, nicolae_figureground_pulse, uniq_jessica,
          uniq_crazy_yiuf_cottage

Skill      XL: |  1  2  3 |
---------------+----------+-----
Maces & Flails | 3 |  3.5
Throwing       | 2 |  2.0
Dodging        | 3 |  3.1
Stealth        | 1 |  1.3
Fighting       | |  2.6

Action                   |  1- 3 |  4- 6 || total
-------------------------+-------+-------++-------
Melee: Flail             |    83 |     9 ||    92
Throw: Stone             |     4 |       ||     4
  Use: Scroll            |     3 |       ||     3
Armor: Leather armour    |    22 |       ||    22
Dodge: Dodged            |    75 |     4 ||    79
